 Dungeon Crawl Stone Soup version 0.21-a0-496-g696f58f (webtiles) character file.

2187 kae the Geomancer (level 9, -3/52 HPs)
             Began as a Gargoyle Earth Elementalist on Nov 23, 2017.
             Slain by a six-headed hydra (10 damage)
             ... on level 7 of the Dungeon.
             The game lasted 00:07:04 (6888 turns).

kae the Geomancer (Gargoyle Earth Elementalist)     Turns: 6888, Time: 00:07:04

Health: -3/52      AC:  9    Str: 13    XL:     9   Next: 33%
Magic:  6/18       EV: 13    Int: 18    God:
Gold:   272        SH:  2    Dex: 10    Spells: 11/20 levels left

rFire    . . .     SeeInvis .   o - +3 falchion (slice)
rCold    . . .     Gourm    .   (no shield)
rNeg     + . .     Faith    .   c - +0 robe
rPois    ∞         Spirit   .   (no helmet)
rElec    +         Reflect  +   (no cloak)
rCorr    +         Harm     .   y - +0 pair of gloves
MR       .....                  (no boots)
Stlth    ++........             k - +2 amulet of reflection
HPRegen  0.17/turn              n - ring of resist corrosion
MPRegen  0.16/turn              (no ring)

@: no status effects
A: negative energy resistance 1, electricity resistance, unbreathing,
petrification resistance, rot immunity, AC +6
a: no special abilities


You were on level 7 of the Dungeon.
You were not hungry.

You visited 1 branch of the dungeon, and saw 7 of its levels.
You also visited: Sewer.

You collected 272 gold pieces.

Inventory:

Hand Weapons
 a - a +0 club
 o - a +3 falchion of slicing (weapon)
Missiles
 b - 170 stones (quivered)
Armour
 c - a +0 robe (worn)
 y - a +0 pair of gloves (worn)
Jewellery
 k - a +2 amulet of reflection (around neck)
 n - a ring of resist corrosion (left hand)
 E - a +4 ring of dexterity {unknown}
Wands
 v - a wand of clouds (8)
 B - a wand of iceblast (11)
Scrolls
 j - a scroll of enchant weapon
 l - 4 scrolls of blinking
 q - 2 scrolls of remove curse
 r - 3 scrolls of teleportation
 x - a scroll of immolation {unknown}
 A - a scroll of magic mapping
Potions
 g - a potion of haste
 h - a potion of heal wounds {unknown}
 m - a potion of degeneration {unknown}
 s - 3 potions of lignification
 u - a potion of mutation
 w - 3 potions of berserk rage {unknown}
 z - a potion of curing
 C - a potion of cancellation {unknown}
 D - a potion of might
Books
 e - a book of Geomancy

   Spells                             Type                      Level
   a - Sandblast                      Earth                        1
   b - Passwall                       Transmutation/Earth          2
   c - Stone Arrow                    Conjuration/Earth            3
   d - Petrify                        Transmutation/Earth          4
   e - Lee's Rapid Deconstruction     Earth                        5
Comestibles
 d - 4 bread rations
 f - 7 fruits
 i - 2 royal jellies
 t - 4 meat rations


   Skills:
 + Level 3.9 Fighting
 + Level 3.5 Dodging
 - Level 2.1 Stealth
 * Level 6.3 Spellcasting
 * Level 5.9 Conjurations
   Level 0.7 Transmutations
 * Level 8.5 Earth Magic


You had 11 spell levels left.
You knew the following spells:

 Your Spells              Type           Power        Failure   Level  Hunger
a - Sandblast             Erth           #####.       1%          1    None
b - Stone Arrow           Conj/Erth      ####..       1%          3    ##.....
c - Lee's Rapid Deconstr  Erth           #####.....   10%         5    #####..


Dungeon Overview and Level Annotations

Branches:
Dungeon (7/15)
 Temple: D:4-7

Altars:
Ashenzari
Kikubaaqudgha
Nemelex Xobeh
Sif Muna
Trog
Uskayaw
Zin
The Shining One

Shops:
D:7 *


Innate Abilities, Weirdness & Mutations

You are resistant to torment.
Your stone body is resilient. (AC +6)
You are immune to poison.
You resist negative energy. (rN+)
You are resistant to electric shocks. (rElec)
You can survive without breathing.
You are immune to petrification.
You are immune to rotting.


Message History

The six-headed hydra is severely wounded.
The six-headed hydra bites you!
The six-headed hydra closely misses you.
The six-headed hydra bites you. The six-headed hydra bites you! x2
* * * LOW HITPOINT WARNING * * *
Casting: Stone Arrow
Confirm with . or Enter, or press ? or * to list all spells.
Aiming: Sandblast
Press: ? - help, Shift-Dir - straight line, f/p - six-headed hydra
Aim: a six-headed hydra (severely wounded)
The blast of sand hits the six-headed hydra.
The six-headed hydra is almost dead.
b - 170 stones The six-headed hydra completely misses you.
The six-headed hydra bites you.
* * * LOW HITPOINT WARNING * * *
The six-headed hydra bites you.
* * * LOW HITPOINT WARNING * * *
The six-headed hydra barely misses you. The six-headed hydra bites you!
You die...

###########
#..........
#.#########
#.#.##########.#
......D@.....#.#
#.#.########.#.#
#...<###'#.#
#..........# ######
#######....##.#.....
......'.............
#######.....#.#.#...
....##)....#.#.#.#.
#..#...#.#.#.#.#.


You could see a six-headed hydra.

Vanquished Creatures
  Menkaure (D:7)
  2 sky beasts (D:6)
  2 ice beasts
  3 black bears
  An ogre (D:6)
  2 centaurs
  5 bullfrogs
  2 scorpions
  3 crimson imps
  A centaur zombie (D:5)
  A hound (D:3)
  An orc priest (D:3)
  A bullfrog skeleton (D:7)
  2 orc wizards
  Ijyb (D:5)
  Natasha (thrice) (D:2)
  2 worker ants
  Robin (D:4)
  12 adders
  3 shadow imps
  7 oozes
  4 worms
  3 dart slugs
  14 leopard geckos
  13 orcs
  10 bats
  8 giant cockroaches
  14 goblins
  11 hobgoblins
  8 jackals
  6 quokkas
  17 ball pythons
  13 frilled lizards
  A leopard gecko skeleton (D:6)
  6 rats
184 creatures vanquished.

Vanquished Creatures (others)
  A human (D:3)
  A hobgoblin (D:2)
2 creatures vanquished.

Grand Total: 186 creatures vanquished

Notes
Turn   | Place    | Note
-------+----------+-------------------------------------------
     0 | D:1      | kae the Gargoyle Earth Elementalist began the quest for the Orb.
     0 | D:1      | Reached XP level 1. HP: 10/10 MP: 3/3
   377 | D:1      | Reached XP level 2. HP: 15/15 MP: 5/5
   398 | D:1      | Reached skill level 4 in Earth Magic
   416 | D:1      | Found a shattered altar of Ashenzari.
   916 | D:2      | Reached XP level 3. HP: 16/19 MP: 2/7
  1212 | D:2      | Noticed Natasha
  1218 | D:2      | Killed Natasha
  1352 | D:2      | Found a glowing golden altar of the Shining One.
  1352 | D:2      | Found a bloodstained altar of Trog.
  1355 | D:2      | Reached XP level 4. HP: 19/24 MP: 8/8
  1534 | D:2      | Reached skill level 5 in Earth Magic
  1598 | D:2      | Noticed Natasha
  1607 | D:2      | Killed Natasha
  1832 | D:2      | Reached XP level 5. HP: 20/28 MP: 1/10
  1911 | D:2      | Noticed Natasha
  1917 | D:2      | Learned a level 3 spell: Stone Arrow
  1930 | D:2      | Killed Natasha
  2093 | D:3      | Reached skill level 1 in Conjurations
  2430 | D:3      | Reached skill level 1 in Fighting
  2430 | D:3      | Reached XP level 6. HP: 27/34 MP: 11/11
  2525 | D:3      | Found an ancient bone altar of Kikubaaqudgha.
  2539 | D:3      | Noticed a human
  2539 | D:3      | Killed a human
  3049 | D:4      | Reached skill level 6 in Earth Magic
  3162 | D:4      | Noticed Robin
  3171 | D:4      | Killed Robin
  3248 | D:4      | Found a shattered altar of Ashenzari.
  3316 | D:4      | Found a hide-covered altar of Uskayaw.
  3409 | D:4      | Found a sparkling altar of Nemelex Xobeh.
  3441 | D:5      | Entered Level 5 of the Dungeon
  3455 | D:5      | Noticed a black bear
  3459 | D:5      | Killed a black bear
  3459 | D:5      | Reached XP level 7. HP: 24/39 MP: 9/13
  3866 | D:5      | Noticed Ijyb
  3877 | D:5      | Killed Ijyb
  4644 | D:6      | Reached XP level 8. HP: 45/45 MP: 8/15
  4786 | D:6      | Reached skill level 5 in Spellcasting
  4809 | D:6      | Reached skill level 7 in Earth Magic
  5030 | D:6      | Found a deep blue altar of Sif Muna.
  5107 | D:6      | Found a glowing drain.
  5117 | Sewer    | Entered a sewer
  5660 | Sewer    | Reached skill level 5 in Conjurations
  6207 | D:6      | Reached skill level 8 in Earth Magic
  6207 | D:6      | Reached XP level 9. HP: 26/51 MP: 13/17
  6524 | D:7      | Noticed Menkaure
  6527 | D:7      | Killed Menkaure
  6587 | D:7      | Learned a level 5 spell: Lee's Rapid Deconstruction
  6647 | D:7      | Found Zin's Purification Station.
  6650 | D:7      | Found a glowing silver altar of Zin.
  6880 | D:7      | Noticed a six-headed hydra
  6888 | D:7      | Slain by a six-headed hydra

Vault maps used:
D:1:      dpeg_arrival_simpleton_a, hangedman_abyss_or_decor_stabs,
          evilmike_ruin_ashenzari
D:2:      lemuel_crystal_altar, lemuel_crystal_altar, uniq_natasha
D:3:      tgw_kikubaaqudgha
D:4:      kennysheep_mini, kennysheep_mini_moat, kennysheep_nondescript,
          nemelex_diamond_rough_becter, uniq_robin
D:5:      first_bread, uniq_ijyb
D:6:      old_standard_altar, cheibrodos_sewer_entry_bend,
          minmay_misc_feat_nine_boxes, hangedman_decor_push
D:7:      zin_purify, minmay_temple_entry_poolview, nicolae_benzene_ring,
          uniq_menkaure
Sewer:    sewer_frog_island_02

Skill      XL: |  1  2  3  4  5  6  7  8  9 |
---------------+----------------------------+-----
Earth Magic    | 4 5 6 8 |  8.5
Spellcasting   | 3 4 5 6 |  6.3
Conjurations   | 1 2 3 5 |  5.9
Fighting       | 1 2 3 |  3.9
Dodging        | 2 3 |  3.5
Stealth        | |  2.1
Transmutations | |  0.7

Action                   |  1- 3 |  4- 6 |  7- 9 || total
-------------------------+-------+-------+-------++-------
Melee: Unarmed           |    11 |       |       ||    11
       Club              |    36 |    67 |       ||   103
       Falchion          |       |    70 |   184 ||   254
 Cast: Sandblast         |    20 |    48 |    71 ||   139
       Stone Arrow       |       |     3 |    34 ||    37
  Use: Scroll            |       |     8 |     4 ||    12
       Potion            |       |       |     4 ||     4
 Stab: Sleeping          |     3 |     3 |     4 ||    10
  Eat: Chunk             |     1 |     8 |    13 ||    22
Armor: Robe              |    31 |    62 |   151 ||   244
Dodge: Dodged            |    51 |   129 |   260 ||   440
Block: Other             |       |     2 |    32 ||    34
       Rpst.: Falchion   |       |    22 |    89 ||   111

Table legend:
 A = Spawn XP
 B = Non-spawn XP
 C = Spawn XP percentage of total XP
 D = Spawn monster count
 E = Non-spawn monster count
 F = Spawn count percentage of total count
 G = Total turns spent on level
                    A         B        C        D         E        F      G
               +---------+---------+-------+---------+---------+-------+---------
         Total |       0 |    3125 |   0.0 |       0 |     185 |   0.0 |  6888
               +---------+---------+-------+---------+---------+-------+---------
           D:1 |       0 |      24 |   0.0 |       0 |      16 |   0.0 |   911
           D:2 |       0 |     194 |   0.0 |       0 |      20 |   0.0 |  1152
           D:3 |       0 |     209 |   0.0 |       0 |      32 |   0.0 |   916
           D:4 |       0 |     118 |   0.0 |       0 |      17 |   0.0 |   462
           D:5 |       0 |     531 |   0.0 |       0 |      10 |   0.0 |  1146
           D:6 |       0 |    1007 |   0.0 |       0 |      24 |   0.0 |   986
           D:7 |       0 |     726 |   0.0 |       0 |      14 |   0.0 |   586
         Sewer |       0 |     316 |   0.0 |       0 |      52 |   0.0 |   729
               +---------+---------+-------+---------+---------+-------+---------
